[Event "FIDE World Senior-50 CC 2023"]
[Site "Terrasini"]
[Date "2023.10.25"]
[Round "1.1"]
[White "Steadman, Michael V R"]
[Black "Adams, Michael"]
[Result "0-1"]
[ECO "C22"]
[WhiteElo "2114"]
[BlackElo "2670"]
[Annotator "TA"]
[PlyCount "48"]
[EventDate "2023.10.22"]
[EventType "swiss"]
[EventCountry "ITA"]
[SourceTitle "playchess.com"]
[Source "ChessBase"]
[SourceQuality "1"]
[TimeControl "40/5400+30:1800+30"]

1. e4 {[%emt 0:00:05] ChessBase II} e5 2. d4 exd4 3. Qxd4 Nc6 4. Qd3 Nf6 5. Nc3 Be7 6. f4 {[%emt 0:04:42] C22: Centre Game.} (6. Bf4 $11) 6... O-O {[%emt 0:06:46] ...Nb4 would be deadly.} (6... d5 $5 7. e5 (7. exd5 $2 Nb4 $17) (7. Nxd5 Nxd5 8. Qxd5 Qxd5 $15) 7... Nb4 $15) 7. Nf3 {[%emt 0:06:57] [#]} d5 $1 {[%emt 0:03:06] Strongly threatening ...dxe4.} 8. e5 {[%emt 0:12:59] Black has an edge.} ({Much weaker is} 8. Nxd5 Nxd5 9. Qxd5 (9. exd5 Nb4 $17) 9... Qxd5 10. exd5 Nb4 $17) (8. exd5 $2 Nb4 9. Qd1 (9. Qe2 $2 Bf5 $19) 9... Bc5 $19) 8... Nb4 9. Qe2 {[%emt 0:08:35] [#]} ({White should try} 9. Qd1 $1 $15 Ne4 10. a3 Nxc3 11. bxc3) 9... Ne4 $1 10. a3 $15 Nxc3 11. bxc3 Nc6 12. Bb2 {[%emt 0:05:20] [#]} f6 $146 ({Predecessor:} 12... Na5 13. Qf2 c6 14. Bd3 Qb6 15. Qxb6 axb6 16. f5 Nc4 17. Bxc4 dxc4 18. g4 g6 {0-1 Palacios de la Prida,E-Pachman,L (2520) EU-chT 06th Group5 1976 (2)}) 13. exf6 Rxf6 14. Qd2 Re6+ (14... Qf8 $17 15. c4 (15. Qxd5+ Be6 $17) 15... Rxf4) 15. Be2 Bc5 $36 {[%emt 0:00:08][%mdl 2048] And now ...Be3 would win. Black has good play.} 16. Nd4 Re7 17. O-O Bf5 18. Kh1 Bxd4 (18... Be4 {seems wilder.} 19. Nxc6 bxc6 20. c4 Be3) 19. cxd4 Qd7 (19... Qd6 $5) 20. Rfe1 (20. Kg1 $5) 20... Rae8 21. c4 {[%emt 0:02:30] [#]} ({White should play} 21. Kg1 $15) 21... Na5 $1 $17 {[%emt 0:03:13][%mdl 64] White must now prevent ...Nb3. Deflection. Black has more active pieces.} 22. Qxa5 (22. Bh5 $17 {is a better defense.} Rxe1+ 23. Rxe1 Rxe1+ 24. Qxe1 Nxc4 25. Bc1) 22... Rxe2 $19 23. Qc3 {[%emt 0:02:17] Inhibits R8e3. White is weak on the light squares} (23. Bc3 {nothing else works.}) 23... h6 24. c5 Qb5 {[%emt 0:03:02] Weighted Error Value: White=0.64/Black=0.17 (very precise)} 0-1

[Event "FIDE World Senior-50 CC 2023"]
[Site "Terrasini"]
[Date "2023.10.25"]
[Round "1.2"]
[White "Stefansson, Hannes"]
[Black "Folk, Petr"]
[Result "0-1"]
[ECO "B48"]
[WhiteElo "2529"]
[BlackElo "2109"]
[Annotator "RC"]
[PlyCount "28"]
[EventDate "2023.10.22"]
[EventType "swiss"]
[EventCountry "ITA"]
[SourceTitle "playchess.com"]
[Source "ChessBase"]
[SourceQuality "1"]
[TimeControl "40/5400+30:1800+30"]

1. e4 c5 2. Nf3 e6 3. d4 cxd4 4. Nxd4 Nc6 5. Nc3 Qc7 6. Be3 a6 7. a3 Nf6 8. f4 Nxd4 9. Bxd4 Qxf4 10. g3 Qg5 11. e5 Nd5 12. Ne4 Qh6 13. c4 Ne3 14. Qf3 Nc2+ 0-1

[Event "FIDE World Senior-50 CC 2023"]
[Site "Terrasini"]
[Date "2023.10.25"]
[Round "1.3"]
[White "Becker, Rogerio Sperb"]
[Black "Dlugy, Maxim"]
[Result "0-1"]
[ECO "A34"]
[WhiteElo "2102"]
[BlackElo "2520"]
[Annotator "RC"]
[PlyCount "118"]
[EventDate "2023.10.22"]
[EventType "swiss"]
[EventCountry "ITA"]
[SourceTitle "playchess.com"]
[Source "ChessBase"]
[SourceQuality "1"]
[TimeControl "40/5400+30:1800+30"]

1. c4 c5 2. Nf3 Nf6 3. g3 d5 4. cxd5 Nxd5 5. Bg2 Nc6 6. O-O e5 7. Nc3 Nc7 8. a3 f6 9. d3 Be6 10. Be3 Qd7 11. Nd2 Be7 12. f4 exf4 13. Bxf4 Nd5 14. Nxd5 Bxd5 15. Bxd5 Qxd5 16. Qb3 Qxb3 17. Nxb3 b6 18. Kf2 f5 19. Bd2 O-O 20. a4 Ne5 21. h3 c4 22. dxc4 Nxc4 23. Bc3 f4 24. g4 f3 25. exf3 Bh4+ 26. Ke2 Rae8+ 27. Kd3 Ne3 28. Nd4 Nxf1 29. Rxf1 Bg5 30. Kc4 a6 31. Kd5 Rf6 32. Nf5 Rd8+ 33. Kc4 Rc6+ 34. Kb3 g6 35. Ng3 Bf6 36. Ne4 Bxc3 37. bxc3 Rf8 38. g5 Rf4 39. Nf6+ Kf7 40. Nxh7 Rfc4 41. Rc1 Rh4 42. Nf6 Rxh3 43. Rf1 Ke6 44. Ng4 Kf5 45. Ne3+ Kxg5 46. Nd5 Rg3 47. Kb4 a5+ 48. Kb3 Kh4 49. Kc2 Rg2+ 50. Kd3 Kg3 51. f4 Rd6 52. c4 Ra2 53. Kd4 Rxa4 54. Ke5 Rc6 55. Ne7 Raxc4 56. Rg1+ Kf2 57. Rxg6 Rxg6 58. Nxg6 a4 59. f5 a3 0-1

[Event "FIDE World Senior-50 CC 2023"]
[Site "Terrasini"]
[Date "2023.10.25"]
[Round "1.4"]
[White "Sturua, Zurab"]
[Black "Gratz, Glen"]
[Result "1-0"]
[ECO "A35"]
[WhiteElo "2514"]
[BlackElo "2100"]
[Annotator "RC"]
[PlyCount "132"]
[EventDate "2023.10.22"]
[EventType "swiss"]
[EventCountry "ITA"]
[SourceTitle "playchess.com"]
[Source "ChessBase"]
[SourceQuality "1"]
[TimeControl "40/5400+30:1800+30"]

1. Nf3 c5 2. c4 Nc6 3. Nc3 e5 4. g3 d6 5. Bg2 Be7 6. O-O Be6 7. d3 h5 8. h4 Qd7 9. Nd5 Bd8 10. Rb1 f6 11. b4 Bxd5 12. cxd5 Nxb4 13. Qb3 Ne7 14. Nd2 a5 15. a3 a4 16. Qb2 Nbxd5 17. Qxb7 Qxb7 18. Rxb7 Ra6 19. Bb2 Rb6 20. Nc4 Rxb7 21. Nxd6+ Kd7 22. Nxb7 Bb6 23. Rc1 Rb8 24. Bxd5 Nxd5 25. Nxc5+ Bxc5 26. Rxc5 Rxb2 27. Rxd5+ Kc6 28. Ra5 Rxe2 29. Rxa4 Rd2 30. Ra7 g5 31. hxg5 fxg5 32. Rh7 h4 33. gxh4 gxh4 34. Rxh4 Rxd3 35. Ra4 e4 36. Rxe4 Rxa3 37. Rd4 Kc5 38. Rd2 Ra8 39. f3 Rg8+ 40. Kf2 Rf8 41. Rd1 Kc4 42. Rd7 Kc3 43. Rd6 Kc4 44. Kg3 Rg8+ 45. Kf4 Kc5 46. Re6 Kd4 47. Rf6 Ra8 48. Rd6+ Kc5 49. Ke5 Ra3 50. Rf6 Re3+ 51. Kf4 Re8 52. Kg5 Rg8+ 53. Rg6 Rf8 54. f4 Kd5 55. f5 Ke5 56. Re6+ Kd5 57. Re1 Rg8+ 58. Kh6 Rf8 59. Kg6 Kd6 60. f6 Rg8+ 61. Kh7 Rg2 62. f7 Rh2+ 63. Kg7 Rg2+ 64. Kf8 Kd7 65. Rd1+ Ke6 66. Ke8 Ra2 1-0

[Event "FIDE World Senior-50 CC 2023"]
[Site "Terrasini"]
[Date "2023.10.25"]
[Round "1.5"]
[White "Matzat, Andre"]
[Black "Morovic Fernandez, Ivan"]
[Result "0-1"]
[ECO "D02"]
[WhiteElo "2098"]
[BlackElo "2488"]
[Annotator "RC"]
[PlyCount "50"]
[EventDate "2023.10.22"]
[EventType "swiss"]
[EventCountry "ITA"]
[SourceTitle "playchess.com"]
[Source "ChessBase"]
[SourceQuality "1"]
[TimeControl "40/5400+30:1800+30"]

1. d4 d5 2. Nf3 Nf6 3. c3 e6 4. Bf4 Bd6 5. e3 O-O 6. Nbd2 c5 7. Bg3 Qc7 8. dxc5 Qxc5 9. Bd3 Nbd7 10. Qe2 Re8 11. e4 dxe4 12. Bxe4 e5 13. O-O Bf8 14. Bc2 e4 15. Bxe4 Nxe4 16. Nxe4 Qc6 17. Rfe1 f5 18. Nfg5 fxe4 19. Nxh7 Nf6 20. Nxf6+ Qxf6 21. Qc4+ Qf7 22. Rxe4 Be6 23. Qe2 Bxa2 24. c4 Rxe4 25. Qxe4 Bxc4 0-1

[Event "FIDE World Senior-50 CC 2023"]
[Site "Terrasini"]
[Date "2023.10.25"]
[Round "1.6"]
[White "Degraeve, Jean-Marc"]
[Black "Nikolaidis, Konstantinos"]
[Result "0-1"]
[ECO "B50"]
[WhiteElo "2479"]
[BlackElo "2096"]
[Annotator "RC"]
[PlyCount "112"]
[EventDate "2023.10.22"]
[EventType "swiss"]
[EventCountry "ITA"]
[SourceTitle "playchess.com"]
[Source "ChessBase"]
[SourceQuality "1"]
[TimeControl "40/5400+30:1800+30"]

1. e4 c5 2. Nf3 d6 3. Bc4 Nf6 4. d3 e6 5. Bb3 Be7 6. O-O O-O 7. c3 d5 8. e5 Nfd7 9. d4 Nc6 10. Re1 b5 11. Nbd2 a5 12. a4 Ba6 13. axb5 Bxb5 14. Nf1 Rb8 15. Bc2 Qb6 16. h4 cxd4 17. cxd4 Rfc8 18. Ne3 Rc7 19. Bd2 Nb4 20. Bb1 Rbc8 21. Bc3 Nf8 22. Qd2 Ra7 23. h5 Qd8 24. Ng4 Nd7 25. Nfh2 Bf8 26. Re3 Nb6 27. Rg3 Kh8 28. Nf6 gxf6 29. Bxb4 Nc4 30. Qc2 f5 31. Bc3 Nxe5 32. Qb3 Bc4 33. Qa4 Nc6 34. Nf3 Be2 35. Qc2 Bxf3 36. Rxf3 Nb4 37. Qe2 Qg5 38. Bd2 Qxh5 39. Qb5 Bd6 40. Bc3 Rg8 41. Kf1 Qh1+ 42. Ke2 Nc2 43. Qb6 Rd7 44. Bxc2 Qxa1 45. Qc6 Rdd8 46. Qb7 Qc1 47. Bd3 Rgf8 48. Rh3 Rb8 49. Qd7 Rxb2+ 50. Bxb2 Qxb2+ 51. Kf1 Qc1+ 52. Ke2 Bb4 53. Qb5 Qb2+ 54. Kf1 Qa1+ 55. Ke2 Qxd4 56. Rf3 Qb2+ 0-1

[Event "FIDE World Senior-50 CC 2023"]
[Site "Terrasini"]
[Date "2023.10.25"]
[Round "1.7"]
[White "Farrell, Neil"]
[Black "Bischoff, Klaus"]
[Result "0-1"]
[ECO "A42"]
[WhiteElo "2096"]
[BlackElo "2473"]
[Annotator "RC"]
[PlyCount "94"]
[EventDate "2023.10.22"]
[EventType "swiss"]
[EventCountry "ITA"]
[SourceTitle "playchess.com"]
[Source "ChessBase"]
[SourceQuality "1"]
[TimeControl "40/5400+30:1800+30"]

1. d4 g6 2. c4 Bg7 3. Nc3 d6 4. e4 c6 5. Nf3 a6 6. Be3 b5 7. b3 Nf6 8. Bd3 Nbd7 9. O-O O-O 10. h3 e5 11. d5 cxd5 12. cxd5 Nh5 13. a4 b4 14. Na2 a5 15. Bb5 Nf4 16. Rc1 f5 17. exf5 gxf5 18. Rc4 Nf6 19. Bxf4 exf4 20. Nc1 Ne4 21. Ne2 Ra7 22. Ned4 Bxd4 23. Nxd4 Rg7 24. Rxc8 Qxc8 25. Ne6 Qc3 26. Nxg7 Qxg7 27. Kh2 Qe5 28. f3 Nc3 29. Qd3 Kh8 30. Qd2 Qe3 31. Qd3 Qe5 32. Rf2 Kg7 33. Bc6 Qe3 34. Rd2 Kf6 35. Qd4+ Qxd4 36. Rxd4 Ke5 37. Rd2 Rf7 38. Kg1 Re7 39. Kf2 Kf6 40. Kf1 Re3 41. Kf2 Re5 42. Bb7 Kg5 43. Bc6 h5 44. Kf1 h4 45. Bb7 Re3 46. Ba6 Nb1 47. Rb2 Rxb3 0-1

[Event "FIDE World Senior-50 CC 2023"]
[Site "Terrasini"]
[Date "2023.10.25"]
[Round "1.8"]
[White "Holzke, Frank"]
[Black "Luciani, Valerio"]
[Result "1/2-1/2"]
[ECO "C03"]
[WhiteElo "2473"]
[BlackElo "2090"]
[Annotator "RC"]
[PlyCount "160"]
[EventDate "2023.10.22"]
[EventType "swiss"]
[EventCountry "ITA"]
[SourceTitle "playchess.com"]
[Source "ChessBase"]
[SourceQuality "1"]
[TimeControl "40/5400+30:1800+30"]

1. e4 e6 2. d4 d5 3. Nd2 h6 4. Ngf3 Nf6 5. e5 Nfd7 6. c4 dxc4 7. Bxc4 Nb6 8. Bd3 Nc6 9. Ne4 Nb4 10. Bb1 Bd7 11. O-O Bc6 12. a3 N4d5 13. Bd3 Qd7 14. Nc5 Bxc5 15. dxc5 Na4 16. Qc2 b6 17. cxb6 cxb6 18. Nd4 Nc5 19. Be2 Rc8 20. Nxc6 Qxc6 21. b4 Nd7 22. Qxc6 Rxc6 23. Bb5 Rc7 24. Bd2 Ke7 25. f4 Rc2 26. Rf2 Rhc8 27. Ba4 R2c4 28. Rd1 R8c7 29. h4 Rd4 30. h5 b5 31. Bb3 Rd3 32. Rf3 Rxf3 33. gxf3 N7b6 34. Kh2 Nc4 35. Be1 Nxf4 36. Bh4+ f6 37. exf6+ gxf6 38. Bg3 e5 39. Bf2 Ne6 40. a4 a6 41. axb5 axb5 42. Rd5 Rb7 43. Bc5+ Ke8 44. Bc2 Rd7 45. Bg6+ Kd8 46. Rxd7+ Kxd7 47. Bf2 Nd4 48. f4 Ke6 49. fxe5 Nxe5 50. Kg3 Nf5+ 51. Kf4 Nd3+ 52. Kf3 Nxf2 53. Kxf2 Ke5 54. Ke2 Nd4+ 55. Kd3 Nc6 56. Kc3 Ne7 57. Bd3 Nd5+ 58. Kb3 Nc7 59. Kc3 f5 60. Be2 f4 61. Kd2 Kd4 62. Bd3 Nd5 63. Bxb5 Nxb4 64. Ke2 Nd5 65. Kf3 Ke5 66. Bd3 Nc7 67. Kg4 Ne6 68. Bb1 Ng5 69. Bc2 Ne4 70. Kf3 Nd2+ 71. Ke2 Nc4 72. Kf3 Ne3 73. Bg6 Nf5 74. Kg4 Nd4 75. Bd3 Ne6 76. Bb1 Ng5 77. Bc2 Ne4 78. Kf3 Nd6 79. Kg4 Ne8 80. Kf3 Ng7 1/2-1/2

[Event "FIDE World Senior-50 CC 2023"]
[Site "Terrasini"]
[Date "2023.10.25"]
[Round "1.9"]
[White "Duong, Thanh Nha"]
[Black "Minasian, Artashes"]
[Result "0-1"]
[ECO "A37"]
[WhiteElo "2081"]
[BlackElo "2462"]
[Annotator "RC"]
[PlyCount "70"]
[EventDate "2023.10.22"]
[EventType "swiss"]
[EventCountry "ITA"]
[SourceTitle "playchess.com"]
[Source "ChessBase"]
[SourceQuality "1"]
[TimeControl "40/5400+30:1800+30"]

1. Nf3 g6 2. g3 Bg7 3. Bg2 c5 4. c4 Nc6 5. Nc3 d6 6. O-O e5 7. a3 Nge7 8. b4 O-O 9. b5 Na5 10. Rb1 Nxc4 11. d3 Nb6 12. a4 a5 13. Ba3 Ned5 14. Nxd5 Nxd5 15. Rc1 Be6 16. Nd2 b6 17. Nc4 Ra7 18. e3 f5 19. f4 exf4 20. gxf4 Re7 21. Re1 Bf7 22. Qd2 Rfe8 23. e4 Bd4+ 24. Kh1 fxe4 25. dxe4 Nf6 26. e5 Bxc4 27. Rxc4 dxe5 28. fxe5 Rxe5 29. Rxe5 Bxe5 30. Qc1 Qd3 31. Bf1 Qf3+ 32. Bg2 Qh5 33. Qg1 Rd8 34. Rc1 Rd3 35. Re1 Rxa3 0-1

[Event "FIDE World Senior-50 CC 2023"]
[Site "Terrasini"]
[Date "2023.10.25"]
[Round "1.10"]
[White "Matamoros Franco, Carlos S."]
[Black "Raabe, Peter"]
[Result "1-0"]
[ECO "A11"]
[WhiteElo "2455"]
[BlackElo "2081"]
[Annotator "RC"]
[PlyCount "59"]
[EventDate "2023.10.22"]
[EventType "swiss"]
[EventCountry "ITA"]
[SourceTitle "playchess.com"]
[Source "ChessBase"]
[SourceQuality "1"]
[TimeControl "40/5400+30:1800+30"]

1. Nf3 d5 2. g3 c6 3. c4 Nf6 4. Bg2 Bf5 5. Qb3 Qb6 6. d3 e6 7. Be3 Qb4+ 8. Nbd2 Nbd7 9. O-O Be7 10. Qc2 Qa5 11. a3 O-O 12. b4 Qc7 13. Nb3 h6 14. Rab1 Rac8 15. cxd5 exd5 16. Rfc1 Bd6 17. Nfd4 Bh7 18. Bh3 Rfe8 19. Qd2 Qb8 20. Nc5 Rcd8 21. Nxd7 Nxd7 22. b5 c5 23. Nc6 bxc6 24. Bxd7 Rxd7 25. bxc6 Qc7 26. cxd7 Rd8 27. Qb2 c4 28. Qb7 Qxd7 29. Qxd7 Rxd7 30. Rb5 1-0

[Event "FIDE World Senior-50 CC 2023"]
[Site "Terrasini"]
[Date "2023.10.25"]
[Round "1.11"]
[White "Minnican, Alan"]
[Black "Godena, Michele"]
[Result "1-0"]
[ECO "D00"]
[WhiteElo "2071"]
[BlackElo "2441"]
[Annotator "RC"]
[PlyCount "95"]
[EventDate "2023.10.22"]
[EventType "swiss"]
[EventCountry "ITA"]
[SourceTitle "playchess.com"]
[Source "ChessBase"]
[SourceQuality "1"]
[TimeControl "40/5400+30:1800+30"]

1. d4 d5 2. Bf4 Bf5 3. e3 e6 4. Nc3 Nf6 5. Bd3 Bxd3 6. cxd3 c6 7. Nf3 Be7 8. h3 O-O 9. O-O Qb6 10. Rb1 Nbd7 11. Na4 Qa5 12. a3 Rfc8 13. b4 Qd8 14. Qb3 a5 15. Rfc1 Ra7 16. Rc2 axb4 17. axb4 Rca8 18. Nc5 Qb6 19. Ne5 Nxe5 20. Bxe5 Qb5 21. Qc3 Ra3 22. Rb3 Rxb3 23. Qxb3 b6 24. Nb7 Ne8 25. Ra2 Ra6 26. Qc2 Rxa2 27. Qxa2 f6 28. Qa8 Kf7 29. Bg3 Qxb4 30. Qc8 Nd6 31. Bxd6 Bxd6 32. Qd7+ Be7 33. Nd8+ Kf8 34. Nxe6+ Kf7 35. Nd8+ Kf8 36. Ne6+ Kf7 37. Nd8+ Kf8 38. Nxc6 Qd6 39. Qxe7+ Qxe7 40. Nxe7 Kxe7 41. Kf1 Kd6 42. Ke2 Kc6 43. Kd2 Kb5 44. e4 Kb4 45. e5 Kb5 46. Kc3 h5 47. g3 f5 48. h4 1-0

[Event "FIDE World Senior-50 CC 2023"]
[Site "Terrasini"]
[Date "2023.10.25"]
[Round "1.12"]
[White "Mohr, Georg"]
[Black "Golovchuk, Oleg"]
[Result "1-0"]
[ECO "C47"]
[WhiteElo "2430"]
[BlackElo "2067"]
[Annotator "RC"]
[PlyCount "49"]
[EventDate "2023.10.22"]
[EventType "swiss"]
[EventCountry "ITA"]
[SourceTitle "playchess.com"]
[Source "ChessBase"]
[SourceQuality "1"]
[TimeControl "40/5400+30:1800+30"]

1. e4 e5 2. Nf3 Nf6 3. Nc3 Nc6 4. a4 a6 5. g3 Bc5 6. Bg2 d6 7. O-O O-O 8. d3 h6 9. Be3 Ng4 10. Bxc5 dxc5 11. h3 Nf6 12. Nd2 Qd4 13. Nd5 Nxd5 14. exd5 Bxh3 15. c3 Qxd3 16. Be4 Bxf1 17. Bxd3 Bxd3 18. dxc6 b6 19. Nf3 e4 20. Ne5 Rad8 21. a5 Rfe8 22. Qh5 f6 23. Nxd3 exd3 24. axb6 cxb6 25. c7 1-0

[Event "FIDE World Senior-50 CC 2023"]
[Site "Terrasini"]
[Date "2023.10.25"]
[Round "1.13"]
[White "Halmeenmaki, Tuomo"]
[Black "Atalik, Suat"]
[Result "0-1"]
[ECO "E11"]
[WhiteElo "2067"]
[BlackElo "2427"]
[Annotator "RC"]
[PlyCount "72"]
[EventDate "2023.10.22"]
[EventType "swiss"]
[EventCountry "ITA"]
[SourceTitle "playchess.com"]
[Source "ChessBase"]
[SourceQuality "1"]
[TimeControl "40/5400+30:1800+30"]

1. d4 Nf6 2. c4 e6 3. Nf3 Bb4+ 4. Nbd2 d5 5. Qa4+ Nc6 6. e3 a5 7. a3 Be7 8. Be2 O-O 9. O-O Bd7 10. Qc2 a4 11. e4 Na5 12. Ne5 dxe4 13. Rb1 Nc6 14. Qc3 Be8 15. Nxc6 Bxc6 16. Rd1 Ne8 17. d5 exd5 18. Nxe4 Nf6 19. Ng3 Qd7 20. Bg5 h6 21. Bf4 Rfe8 22. Be5 Qe6 23. Bxc7 Rac8 24. Bf4 Ne4 25. Nxe4 Qxe4 26. Qd2 dxc4 27. Bf3 Qg6 28. Bxc6 Qxc6 29. Qc3 Bf6 30. Qg3 Rcd8 31. h4 Kh7 32. Qg4 Rxd1+ 33. Rxd1 Re4 34. Qf3 Rd4 35. Rxd4 Qxf3 36. gxf3 Bxd4 0-1

[Event "FIDE World Senior-50 CC 2023"]
[Site "Terrasini"]
[Date "2023.10.25"]
[Round "1.14"]
[White "Lima, Darcy"]
[Black "Fabiano, Giuseppe"]
[Result "1-0"]
[ECO "A55"]
[WhiteElo "2416"]
[BlackElo "2030"]
[Annotator "RC"]
[PlyCount "73"]
[EventDate "2023.10.22"]
[EventType "swiss"]
[EventCountry "ITA"]
[SourceTitle "playchess.com"]
[Source "ChessBase"]
[SourceQuality "1"]
[TimeControl "40/5400+30:1800+30"]

1. d4 d6 2. c4 e5 3. Nf3 Nd7 4. Nc3 Ngf6 5. e4 Be7 6. Be2 O-O 7. O-O c6 8. Re1 a6 9. Bf1 b5 10. a3 Bb7 11. b4 bxc4 12. Bxc4 Re8 13. Qb3 Rf8 14. Bb2 exd4 15. Nxd4 Ne5 16. Bf1 g6 17. Rad1 Qb6 18. f4 Ned7 19. e5 Nd5 20. Nxd5 cxd5 21. Kh1 dxe5 22. fxe5 Bh4 23. g3 Bg5 24. e6 fxe6 25. Bh3 Rae8 26. Bxe6+ Rxe6 27. Rxe6 Qc7 28. Rde1 Qc4 29. Qd1 Nf6 30. Rf1 Bc8 31. Rc6 Qa2 32. Qe2 Bg4 33. Qg2 Ne4 34. Rxf8+ Kxf8 35. Ne6+ Bxe6 36. Bg7+ Kg8 37. Bb2 1-0

[Event "FIDE World Senior-50 CC 2023"]
[Site "Terrasini"]
[Date "2023.10.25"]
[Round "1.15"]
[White "Haessel, Dale R."]
[Black "Seul, Georg"]
[Result "1/2-1/2"]
[ECO "E14"]
[WhiteElo "2023"]
[BlackElo "2383"]
[Annotator "RC"]
[PlyCount "49"]
[EventDate "2023.10.22"]
[EventType "swiss"]
[EventCountry "ITA"]
[SourceTitle "playchess.com"]
[Source "ChessBase"]
[SourceQuality "1"]
[TimeControl "40/5400+30:1800+30"]

1. d4 Nf6 2. c4 e6 3. Nf3 Bb4+ 4. Nbd2 b6 5. e3 Bb7 6. Bd3 O-O 7. O-O d5 8. a3 Be7 9. b4 dxc4 10. Nxc4 Nbd7 11. Qc2 c5 12. dxc5 bxc5 13. b5 Qc7 14. Bb2 Bxf3 15. gxf3 Qb7 16. f4 Qxb5 17. Rab1 Qc6 18. Ne5 Nxe5 19. fxe5 Qf3 20. exf6 Qg4+ 21. Kh1 Qf3+ 22. Kg1 Qg4+ 23. Kh1 Qf3+ 24. Kg1 Qg4+ 25. Kh1 1/2-1/2

[Event "FIDE World Senior-50 CC 2023"]
[Site "Terrasini"]
[Date "2023.10.25"]
[Round "1.17"]
[White "Santanna, Paulo"]
[Black "Mrva, Martin"]
[Result "0-1"]
[ECO "B07"]
[WhiteElo "2012"]
[BlackElo "2366"]
[Annotator "RC"]
[PlyCount "86"]
[EventDate "2023.10.22"]
[EventType "swiss"]
[EventCountry "ITA"]
[SourceTitle "playchess.com"]
[Source "ChessBase"]
[SourceQuality "1"]
[TimeControl "40/5400+30:1800+30"]

1. d4 Nf6 2. Nc3 d6 3. e4 a6 4. f4 e5 5. dxe5 dxe5 6. Qxd8+ Kxd8 7. fxe5 Ng4 8. Nf3 Nc6 9. Bg5+ Be7 10. Bxe7+ Kxe7 11. Nd5+ Kd8 12. Rd1 Bd7 13. e6 fxe6 14. Nf4 Ke7 15. Nd3 Be8 16. h3 Nf6 17. Nc5 b6 18. e5 bxc5 19. exf6+ gxf6 20. Be2 Rb8 21. Rb1 Bg6 22. b3 Nb4 23. O-O Rhd8 24. Rb2 Rd6 25. c3 Nd5 26. Rc1 Nf4 27. Bf1 c4 28. Bxc4 Bd3 29. g3 Nxh3+ 30. Kh2 Bxc4 31. Kxh3 Bd5 32. Rf1 a5 33. c4 Bxc4 34. Rc1 Bd5 35. Nd4 Rb4 36. Ne2 c6 37. Nc3 Bf3 38. Rf2 Rd3 39. Na4 Re3 40. Rcf1 Bg4+ 41. Kg2 Bf5 42. Rc1 Rg4 43. Kh2 Rgxg3 0-1

[Event "FIDE World Senior-50 CC 2023"]
[Site "Terrasini"]
[Date "2023.10.25"]
[Round "1.18"]
[White "Vinter-Schou, Uffe"]
[Black "Quijada Carvajal, Leonardo Gustavo"]
[Result "1/2-1/2"]
[ECO "A32"]
[WhiteElo "2345"]
[BlackElo "2005"]
[Annotator "RC"]
[PlyCount "123"]
[EventDate "2023.10.22"]
[EventType "swiss"]
[EventCountry "ITA"]
[SourceTitle "playchess.com"]
[Source "ChessBase"]
[SourceQuality "1"]
[TimeControl "40/5400+30:1800+30"]

1. c4 Nf6 2. Nf3 e6 3. Nc3 c5 4. d4 cxd4 5. Nxd4 d5 6. Bf4 Bd6 7. Bxd6 Qxd6 8. Ndb5 Qe7 9. cxd5 exd5 10. e3 Be6 11. Be2 O-O 12. O-O Nc6 13. Qa4 Rfd8 14. Rfd1 a6 15. Nd4 Ne5 16. Nxe6 fxe6 17. Rac1 Rac8 18. Qb3 Kh8 19. a3 Rc7 20. Rc2 Rdc8 21. Rcd2 b5 22. Rd4 Nc6 23. R4d2 Ne5 24. Bd3 Nc4 25. Bxc4 Rxc4 26. h3 h6 27. Rd4 Qc5 28. Rxc4 bxc4 29. Qb7 Qc6 30. Qxc6 Rxc6 31. f3 Rb6 32. Rd2 Kg8 33. e4 Kf7 34. Kf2 Ke7 35. Ke3 dxe4 36. fxe4 Nd7 37. Na4 Rc6 38. Rd4 Ne5 39. Kd2 c3+ 40. Nxc3 Nc4+ 41. Kc2 Ne3+ 42. Kd3 Nxg2 43. e5 g5 44. Ke4 Nf4 45. h4 Ng6 46. hxg5 hxg5 47. Rb4 Rc5 48. Rb7+ Kf8 49. Ra7 Rxe5+ 50. Kf3 a5 51. b4 axb4 52. axb4 Ne7 53. b5 Rc5 54. Ra3 Nc8 55. Ne4 Rf5+ 56. Kg4 Rf4+ 57. Kxg5 Rxe4 58. Ra8 Ke7 59. Rxc8 Re5+ 60. Kf4 Rxb5 61. Ke4 Kd7 62. Rc5 1/2-1/2

[Event "FIDE World Senior-50 CC 2023"]
[Site "Terrasini"]
[Date "2023.10.25"]
[Round "1.19"]
[White "Mitrandzas, Athanasios"]
[Black "Paschall, William"]
[Result "0-1"]
[ECO "A10"]
[WhiteElo "1988"]
[BlackElo "2329"]
[Annotator "ChessBase"]
[PlyCount "106"]
[EventDate "2023.10.22"]
[EventType "swiss"]
[EventCountry "ITA"]
[SourceTitle "playchess.com"]
[Source "ChessBase"]
[SourceQuality "1"]
[TimeControl "40/5400+30:1800+30"]

1. c4 b6 2. Nc3 Bb7 3. e4 e5 4. Nf3 Nc6 5. a3 g6 6. g3 Bg7 7. Bg2 d6 8. d3 Nf6 9. O-O O-O 10. Rb1 Nd7 11. Bg5 Bf6 12. Bh6 Re8 13. Nd5 Bg7 14. Bg5 f6 15. Be3 Ne7 16. d4 c5 17. Nxe7+ Qxe7 18. d5 Bc8 19. Qd2 Nf8 20. Rbd1 Bd7 21. b4 Qd8 22. Nh4 Rc8 23. bxc5 bxc5 24. Rb1 Rb8 25. Qc3 Rb6 26. Qc2 Qe7 27. Rxb6 axb6 28. Rb1 Rb8 29. Qb3 Qe8 30. Bf1 Ba4 31. Qd3 Bd7 32. Bd2 Qd8 33. Qb3 Qe8 34. Ba5 Ba4 35. Qb2 Bh6 36. Bc3 Bd7 37. Ba5 Ba4 38. Bc3 Qc8 39. Be2 Be8 40. Qc2 Qa6 41. Qb2 Ba4 42. Ng2 Qc8 43. f4 Bd7 44. Bd3 Bh3 45. fxe5 fxe5 46. Be2 Nd7 47. Qb5 Nf6 48. Qc6 Qd8 49. Qa4 Nxe4 50. Be1 Qf6 51. Qc2 Rf8 52. Bd3 Nd2 53. Rd1 Qf1+ 0-1

[Event "FIDE World Senior-50 CC 2023"]
[Site "Terrasini"]
[Date "2023.10.26"]
[Round "2.1"]
[White "Adams, Michael"]
[Black "Dieu, Bruno"]
[Result "1-0"]
[ECO "C17"]
[WhiteElo "2670"]
[BlackElo "2221"]
[Annotator "RC"]
[PlyCount "81"]
[EventDate "2023.10.22"]
[EventType "swiss"]
[EventCountry "ITA"]
[SourceTitle "playchess.com"]
[Source "ChessBase"]
[SourceQuality "1"]
[TimeControl "40/5400+30:1800+30"]

1. e4 e6 2. d4 d5 3. Nc3 Bb4 4. e5 c5 5. Bd2 Ne7 6. a3 Bxc3 7. Bxc3 b6 8. h4 Ba6 9. Bxa6 Nxa6 10. h5 h6 11. Qe2 Nb8 12. f4 Nbc6 13. Nf3 Qd7 14. Rh3 Rc8 15. g4 cxd4 16. Bxd4 Nxd4 17. Nxd4 Qa4 18. O-O-O Rc4 19. Qd2 O-O 20. Kb1 Rfc8 21. Rd3 Qa6 22. f5 Nc6 23. fxe6 Nxe5 24. exf7+ Nxf7 25. Re3 Qb7 26. Qe2 Ng5 27. Re7 R4c7 28. Re8+ Kh7 29. Qe5 Rxe8 30. Qxe8 Rf7 31. Nf5 Ne4 32. Qe5 Rd7 33. Ne3 Nf6 34. g5 hxg5 35. Qf5+ Kg8 36. Qxg5 d4 37. Nf5 Qf3 38. Rxd4 Nh7 39. Ne7+ Kh8 40. Ng6+ Kg8 41. Rxd7 1-0

[Event "FIDE World Senior-50 CC 2023"]
[Site "Terrasini"]
[Date "2023.10.26"]
[Round "2.2"]
[White "Dlugy, Maxim"]
[Black "Milat, Marcel"]
[Result "1/2-1/2"]
[ECO "D00"]
[WhiteElo "2520"]
[BlackElo "2207"]
[Annotator "RC"]
[PlyCount "42"]
[EventDate "2023.10.22"]
[EventType "swiss"]
[EventCountry "ITA"]
[SourceTitle "playchess.com"]
[Source "ChessBase"]
[SourceQuality "1"]
[TimeControl "40/5400+30:1800+30"]

1. d4 Nf6 2. Bf4 d5 3. e3 c5 4. dxc5 g6 5. Nc3 Bg7 6. Nb5 O-O 7. c3 Ne4 8. Nf3 Nc6 9. Nbd4 Nxc5 10. Be2 Qb6 11. Nb3 e5 12. Bg3 d4 13. Nxc5 Qxc5 14. cxd4 Qb4+ 15. Qd2 exd4 16. Qxb4 Nxb4 17. Bd6 Nc2+ 18. Kd2 Nxa1 19. Bxf8 dxe3+ 20. fxe3 Kxf8 21. Nd4 Bd7 1/2-1/2